 Dungeon Crawl Stone Soup version 0.32-a0-643-ga006e77 (webtiles) character file.

Game seed: 8578751612190941732

42009 Dorkslayer the Cleaver (level 14, -10/92 HPs)
             Began as an Octopode Fighter on Mar 7, 2024.
             Shot with an arrow by Nessos (19 damage)
             ... on level 13 of the Dungeon.
             The game lasted 01:02:31 (12661 turns).

Dorkslayer the Cleaver (Octopode Fighter)          Turns: 12661, Time: 01:02:32

Health: -10/92     AC:  8    Str: 29    XL:     14   Next: 17%
Magic:  14/14      EV: 20    Int: 12    God:
Gold:   1084       SH: 10    Dex: 13    Spells: 13/13 levels left

rFire   . . .        t - +12 war axe of Duty {freeze, rC+}
rCold   + . .        S - +1 kite shield {AC+3}
rNeg    . . .        (helmet currently unavailable)
rPois   +            g - amulet of regeneration
rElec   .            e - +6 ring of strength
rCorr   .            i - +5 ring of evasion
SInv    .            o - +6 ring of strength
Will    +++..        k - ring of willpower
Stlth   +++++        F - +4 ring of protection
HPRegen 1.15/turn    v - ring of willpower
MPRegen 0.14/turn    M - +4 ring of slaying
                     L - ring of poison resistance

%: no passive effects
@: beast-form
A: beast (slay +4), almost no armour, amphibious, 8 rings, camouflage 1,
gelatinous body 1, (nimble swimmer 1), tentacles
a: Begin Untransformation


You were on level 13 of the Dungeon.
You were a hulking beast.
You visited 3 branches of the dungeon, and saw 16 of its levels.
You also visited: Sewer and Ice Cave.

You collected 2906 gold pieces.
You spent 1822 gold pieces at shops.

Inventory:

Hand Weapons
 h - a +4 mace of venom
 q - a +0 broad axe
 r - a +4 trident of draining
 t - the +12 war axe of Duty (weapon) {freeze, rC+}
   (You found it on level 6 of the Dungeon)

   rC+:       It protects you from cold.
 u - a +0 war axe of electrocution
Missiles
 p - 3 curare-tipped darts
 w - 13 boomerangs (quivered)
 P - a throwing net
Armour
 S - a +1 kite shield of protection (worn)
Jewellery
 e - a +6 ring of strength (left tentacle)
 g - an amulet of regeneration (around mantle)
 i - a +5 ring of evasion (right tentacle)
 k - a ring of willpower (on tentacle)
 o - a +6 ring of strength (on tentacle)
 v - a ring of willpower (on tentacle)
 z - a ring of flight
 F - a +4 ring of protection (on tentacle)
 L - a ring of poison resistance (on tentacle)
 M - a +4 ring of slaying (on tentacle)
Talismans
 d - a serpent talisman
 A - a beast talisman (active)
Wands
 s - a wand of flame (26)
 y - a wand of paralysis (3)
 E - a wand of digging (4)
 G - a wand of polymorph (11)
Scrolls
 b - 5 scrolls of teleportation
 f - 5 scrolls of fog
 x - a scroll of immolation
 B - 2 scrolls of poison
 D - 3 scrolls of fear
 J - 2 scrolls of enchant weapon
 K - a scroll of revelation
 O - a scroll of identify
Potions
 c - 3 potions of cancellation
 j - a potion of resistance
 l - 4 potions of curing
 m - a potion of brilliance
 n - 3 potions of mutation
 C - a potion of heal wounds
 H - a potion of enlightenment
 I - a potion of ambrosia
 N - 2 potions of might
 Q - a potion of berserk rage
 R - a potion of invisibility {unknown}


   Skills:
 * Level 7.3 Fighting
 * Level 13.9 Axes
 + Level 4.1 Throwing
 * Level 7.5 Dodging
 + Level 10.7 Stealth
 + Level 5.4 Shields
 * Level 8.6 Unarmed Combat
 * Level 9.0 Evocations
 * Level 8.4 Shapeshifting


You had 13 spell levels left.
You didn't know any spells.
Your spell library contained the following spells:

 Spells                   Type           Power      Damage    Failure   Level
 Kiss of Death            Conj/Necr      0%         2d5       52%         1
 Magic Dart               Conj           0%         1d3       52%         1
 Blink                    Tloc           0%         N/A       65%         2
 Call Imp                 Summ           0%         N/A       65%         2
 Ensorcelled Hibernation  Hex/Ice        0%         N/A       65%         2
 Mercury Vapours          Alch/Air       0%         N/A       65%         2
 Confusing Touch          Hex            0%         N/A       87%         3
 Fugue of the Fallen      Necr           0%         N/A       87%         3
 Hailstorm                Conj/Ice       0%         3d5       87%         3
 Mephitic Cloud           Conj/Alch/Air  0%         N/A       87%         3
 Summon Ice Beast         Ice/Summ       0%         N/A       87%         3
 Anguish                  Hex/Necr       0%         N/A       99%         4
 Dispel Undead            Necr           0%         3d6       99%         4
 Olgreb's Toxic Radiance  Alch           0%         N/A       99%         4
 Freezing Cloud           Conj/Ice/Air   0%         6-21      100%        5
 Metabolic Englaciation   Hex/Ice        0%         N/A       100%        5
 Sculpt Simulacrum        Ice/Alch       0%         N/A       100%        6
 Ozocubu's Refrigeration  Ice            0%         4d7       100%        7
 Discord                  Hex            0%         N/A       100%        8


Dungeon Overview and Level Annotations

Branches:
Dungeon (13/15)            Temple (1/1) D:7            Lair (0/5) D:8
    Orc (2/2) D:9             Elf (0/3) Orc:2         Sewer (visited)
  IceCv (visited)
 Vaults: D:13-14

Altars:
Ashenzari
Cheibriados
Dithmenos
Elyvilon
Fedhas
Gozag
Hepliaklqana
Kikubaaqudgha
Makhleb
Nemelex Xobeh
Okawaru
Qazlal
Ru
Sif Muna
Trog
Uskayaw
Vehumet
Wu Jian
Xom
Yredelemnul
Zin
The Shining One

Shops:
D:4 [(   D:6 *   Orc:1 *   Orc:2 ?**?

Annotations:
D:13 Nessos


Innate Abilities, Weirdness & Mutations

You are a hulking beast.
Your limbs bulge with bestial killing power. (Slay +4)
You cannot wear most types of armour.
You are amphibious.
You can wear up to eight rings at the same time.
Your skin changes colour to match your surroundings (Stealth+).
Your rubbery body absorbs attacks. (AC +1, EV +1)
((You are camouflaged when in or above water. (Stealth+)))
You have tentacles for arms and can constrict up to eight enemies at once.


Message History

You feel sick.
Nessos shoots an arrow.
The arrow closely misses you.
You feel sick.
Nessos unwields a +3 longbow of flaming.
It stops flaming.
You block Nessos's attack. Nessos misses you. You block Nessos's attack.
Nessos closely misses you.
You slash Nessos! You freeze Nessos.
Nessos is almost dead.
You feel sick. You block Nessos's attack. x2
Nessos gestures wildly while chanting.
Nessos blinks!
Aiming: Throw Flame
Press: ? - help, Shift-Dir - straight line, f - Nessos
Aim: Nessos, wearing a +1 barding of fire resistance (almost dead, fast, 85% to hit)
The puff of flame hits Nessos.
Nessos resists.
Nessos is almost dead.
You feel sick.
Nessos wields a +3 longbow of flaming.
It bursts into flame!
Nessos shoots an arrow.
The arrow hits you!! The arrow burns you.
Nessos casts a spell.
Nessos blinks!
Aiming: Throw Flame
Press: ? - help, Shift-Dir - straight line, f/p - Nessos
Aim: Nessos, wielding a +3 longbow of flaming and wearing a +1 barding of fire resistance (almost dead, fast, 85% to hit)
The puff of flame hits Nessos.
Nessos resists.
Nessos is almost dead.
You feel sick.
Nessos mumbles some strange words.
Nessos blinks!
Nessos shoots an arrow.
You block the arrow.
Aiming: Throw Flame
Press: ? - help, Shift-Dir - straight line, f/p - Nessos
Aim: Nessos, wielding a +3 longbow of flaming and wearing a +1 barding of fire resistance (almost dead, fast, 85% to hit)
The puff of flame hits Nessos but does no damage.
Nessos is almost dead.
You feel sick.
You are no longer poisoned.
Nessos shoots an arrow.
The arrow hits you!!
* * * LOW HITPOINT WARNING * * *
The arrow burns you.
* * * LOW HITPOINT WARNING * * *
Nessos shoots an arrow.
The arrow hits you!!
You die...

### #.# ##########.#
.############........†.#
.......................#
.............######'##.##
........h.c..#.......#...
..########..§#.......#...
. #...#.......#...
#..§#.......#...
#...#.....###...
#...#.....#.....
#.c.#.....#.....
....#######.....
..........


You could see Nessos (fast).

Vanquished Creatures
  The ghost of Zagger the Severer, an adept CoFi of Beogh (Orc:2)
  A white draconian (IceCv)
  4 ogre magi (Orc:2)
  2 centaur warriors (D:11)
  13 two-headed ogres
  A boulder beetle (D:11)
  2 tengu warriors (D:13)
  The ghost of tls9540 the Fencer, a novice CoGl of Okawaru (D:9)
  The ghost of rotlqkf the Skirmisher, a novice CoHu of Okawaru (D:7)
  2 orc knights (Orc:2)
  A deep elf pyromancer (D:13)
  The ghost of tlatlagkaus the Shooter, a novice CoHu (D:6)
  3 ugly things
  A moth of wrath (Orc:2)
  2 orc sorcerers
  2 manticores
  3 cyclopes
  2 kobold blastminers (Orc:1)
  2 ice statues (IceCv)
  A gargoyle (D:11)
  Jeremiah (D:6)
  An efreet (D:13)
  An unseen horror zombie (D:7)
  2 komodo dragons
  3 rime drakes (IceCv)
  5 kobold demonologists
  5 trolls
  A hornet (D:11)
  Grinder (D:3)
  2 spriggans (D:9)
  5 yaks (D:8)
  A wraith (D:9)
  An unseen horror simulacrum (D:7)
  2 basilisks
  10 wargs
  2 steam dragons
  3 vampire mosquitoes (D:13)
  6 water moccasins
  An acid dragon (D:12)
  11 orc warriors
  Pargi (Sewer)
  A swamp drake (D:9)
  2 ice beasts (D:6)
  3 black bears
  27 ogres
  10 centaurs
  2 phantoms
  Blork the orc (D:5)
  A brain worm (Sewer)
  6 kobold brigands
  3 gnoll sergeants
  4 scorpions
  5 bullfrogs
  7 wights (D:7)
  8 killer bees
  5 lindwurm simulacra (IceCv)
  2 vampire bats (D:8)
  8 howler monkeys
  7 crimson imps (D:8)
  2 komodo dragon simulacra (IceCv)
  2 bombardier beetles
  2 hounds
  A jelly (D:8)
  Crazy Yiuf (D:4)
  2 gnoll boudas (D:6)
  15 orc priests
  4 iguanas
  16 orc wizards
  A troll simulacrum (D:11)
  2 centaur simulacra (D:7)
  17 gnolls
  9 acid dragon simulacra (IceCv)
  11 adders
  2 naga simulacra (D:11)
  2 river rats (D:3)
  A shadow imp (D:7)
  5 white imps
  5 steam dragon simulacra (IceCv)
  8 ufetubi
  2 dart slugs
  3 ribbon worms
  74 orcs
  9 ball pythons
  6 endoplasms
  6 giant cockroaches
  4 goblins (D:1)
  9 hobgoblins
  10 jackals
  3 quokkas
  7 bats
  10 frilled lizards
  21 kobolds
  6 rats
491 creatures vanquished.

Vanquished Creatures (others)
  A rime drake (IceCv)
1 creature vanquished.

Grand Total: 492 creatures vanquished

Notes
Turn   | Place    | Note
-------+----------+-------------------------------------------
     0 | D:1      | Dorkslayer the Octopode Fighter began the quest for the
                  | Orb.
     0 | D:1      | Reached XP level 1. HP: 16/16 MP: 1/1
   126 | D:1      | Reached XP level 2. HP: 21/21 MP: 2/2
   432 | D:1      | Reached XP level 3. HP: 26/26 MP: 3/3
   688 | D:2      | Reached skill level 1 in Stealth
  1253 | D:3      | Noticed a +0 short sword
  1253 | D:3      | Noticed a +0 falchion
  1258 | D:3      | Found a hide-covered altar of Uskayaw.
  1258 | D:3      | Noticed a +0 dagger
  1259 | D:3      | Noticed a +0 spear
  1277 | D:3      | Reached XP level 4. HP: 26/31 MP: 4/4
  1295 | D:3      | Reached XP level 5. HP: 31/36 MP: 5/5
  1310 | D:3      | Found a glowing drain.
  1315 | Sewer    | Entered a sewer
  1338 | Sewer    | Noticed Pargi
  1389 | Sewer    | Reached skill level 1 in Shapeshifting
  1404 | Sewer    | Reached XP level 6. HP: 27/42 MP: 6/6
  1636 | Sewer    | Killed Pargi
  1750 | D:3      | Noticed a +0 short sword
  1750 | D:3      | Noticed a +0 spear
  1754 | D:3      | Noticed a +0 falchion
  1757 | D:3      | Noticed a +0 dagger
  1858 | D:3      | Noticed Grinder
  1872 | D:3      | Killed Grinder
  1873 | D:3      | Reached skill level 5 in Stealth
  1873 | D:3      | Reached XP level 7. HP: 33/46 MP: 7/7
  2285 | D:3      | Found a faded altar of an unknown god.
  2365 | D:3      | Found a shimmering blue altar of Sif Muna.
  2534 | D:4      | Found Jyucugg's Antique Armour Boutique.
  2557 | D:4      | Found an ornate altar of the Wu Jian Council.
  2594 | D:4      | Found an iron altar of Okawaru.
  2602 | D:4      | Reached skill level 5 in Unarmed Combat
  2709 | D:4      | Found Hatam's Antique Weapon Boutique.
  2983 | D:4      | Found a runed translucent door.
  2984 | D:4      | Noticed Crazy Yiuf
  2993 | D:4      | Killed Crazy Yiuf
  2994 | D:4      | Reached XP level 8. HP: 54/54 MP: 8/8
  3163 | D:5      | Entered Level 5 of the Dungeon
  3163 | D:5      | Noticed Blork the orc
  3169 | D:5      | Killed Blork the orc
  3187 | D:5      | Found a stormy altar of Qazlal.
  3535 | D:5      | Found a bloodstained altar of Trog.
  3537 | D:5      | Found a glowing golden altar of the Shining One.
  3542 | D:5      | Found a sacrificial altar of Ru.
  3621 | D:5      | Found a shadowy altar of Dithmenos.
  3862 | D:6      | Reached skill level 1 in Evocations
  4041 | D:6      | Noticed Jeremiah
  4076 | D:6      | Killed Jeremiah
  4077 | D:6      | Reached XP level 9. HP: 19/58 MP: 9/9
  4251 | D:6      | Found a runed translucent door.
  4253 | D:6      | Noticed tlatlagkaus's ghost (novice CoHu)
  4290 | D:6      | Killed tlatlagkaus's ghost
  4291 | D:6      | Reached skill level 1 in Axes
  4291 | D:6      | Reached skill level 5 in Dodging
  4294 | D:6      | Identified the +12 war axe of Duty {freeze, rC+}
  4298 | D:6      | Identified the +10 plate armour of the Bulwark {*Corrode
                  | rF+++ Str-3 Int+5}
  4506 | D:6      | Found a white marble altar of Elyvilon.
  4559 | D:6      | Found a sparkling altar of Nemelex Xobeh.
  4714 | D:6      | Reached skill level 2 in Axes
  4714 | D:6      | Reached skill level 5 in Shapeshifting
  4805 | D:6      | Found Tedog's Gadget Gallery.
  4810 | D:6      | Bought a wand of paralysis (5) for 132 gold pieces
  5230 | D:7      | Found a staircase to the Ecumenical Temple.
  5269 | D:7      | Reached skill level 3 in Axes
  5307 | D:7      | Reached XP level 10. HP: 29/64 MP: 10/10
  5587 | D:7      | Reached skill level 1 in Throwing
  5603 | D:7      | Found a runed translucent gate.
  5603 | D:7      | Found a runed translucent gate.
  5604 | D:7      | Found a runed translucent gate.
  5608 | D:7      | Noticed rotlqkf's ghost (novice CoHu)
  5648 | D:7      | Reached skill level 4 in Axes
  5652 | D:7      | Killed rotlqkf's ghost
  5653 | D:7      | Reached skill level 5 in Axes
  6108 | Temple   | Entered the Ecumenical Temple
  6179 | D:8      | Found a staircase to the Lair.
  6232 | D:8      | Reached skill level 5 in Evocations
  6238 | D:8      | Reached skill level 6 in Axes
  6667 | D:8      | Reached skill level 7 in Axes
  6667 | D:8      | Reached XP level 11. HP: 70/70 MP: 11/11
  6745 | D:8      | Found a blossoming altar of Fedhas.
  6764 | D:8      | Found a shimmering altar of Xom.
  6795 | D:8      | Noticed a two-headed ogre
  6818 | D:8      | Killed a two-headed ogre
  7183 | D:9      | Found a runed translucent door.
  7186 | D:9      | Noticed tls9540's ghost (novice CoGl)
  7189 | D:9      | Identified the +6 spear "Iluag" {elec, MP+9 Int-2 Dex+3}
  7300 | D:9      | Reached skill level 5 in Fighting
  7330 | D:9      | Reached skill level 8 in Axes
  7381 | D:9      | Found an opulent altar of Gozag.
  7584 | D:9      | Found a staircase to the Orcish Mines.
  7636 | Orc:1    | Entered Level 1 of the Orcish Mines
  7774 | Orc:2    | Entered Level 2 of the Orcish Mines
  7777 | Orc:2    | Noticed an orc knight
  7794 | Orc:2    | Killed an orc knight
  7824 | Orc:2    | Noticed a cyclops
  7834 | Orc:2    | Killed a cyclops
  7835 | Orc:2    | Reached skill level 9 in Axes
  7869 | Orc:1    | Noticed an orc sorcerer
  7869 | Orc:1    | Found Erosereu's Assorted Antiques.
  7877 | Orc:1    | Killed an orc sorcerer
  7923 | Orc:1    | Bought a potion of curing for 78 gold pieces
  8245 | Orc:2    | Found a staircase to the Elven Halls.
  8272 | Orc:2    | Found a transporter.
  8345 | Orc:2    | Found a transporter.
  8352 | Orc:2    | Noticed Zagger's ghost (adept CoFi)
  8393 | Orc:2    | Reached XP level 12. HP: 77/77 MP: 12/12
  8570 | Orc:2    | Noticed a two-headed ogre
  8570 | Orc:2    | Noticed a two-headed ogre
  8570 | Orc:2    | Noticed an ogre mage
  8571 | Orc:2    | Noticed an ogre mage
  8578 | Orc:2    | Found Sannamum's Magic Scroll Shoppe.
  8578 | Orc:2    | Noticed a two-headed ogre
  8579 | Orc:2    | Found Yzuipef's General Store.
  8579 | Orc:2    | Found Ecyuhocs's Magic Scroll Emporium.
  8579 | Orc:2    | Found Picsela's General Store.
  8579 | Orc:2    | Noticed a two-headed ogre
  8580 | Orc:2    | Noticed a two-headed ogre
  8580 | Orc:2    | Noticed a two-headed ogre
  8580 | Orc:2    | Noticed a two-headed ogre
  8580 | Orc:2    | Noticed a two-headed ogre
  8580 | Orc:2    | Noticed an ogre mage
  8580 | Orc:2    | Noticed an ogre mage
  8580 | Orc:2    | Noticed a two-headed ogre
  8580 | Orc:2    | Noticed a two-headed ogre
  8580 | Orc:2    | Noticed a two-headed ogre
  8584 | Orc:2    | Killed an ogre mage
  8584 | Orc:2    | Killed a two-headed ogre
  8584 | Orc:2    | Killed a two-headed ogre
  8584 | Orc:2    | Killed a two-headed ogre
  8584 | Orc:2    | Killed a two-headed ogre
  8584 | Orc:2    | Killed a two-headed ogre
  8584 | Orc:2    | Killed an ogre mage
  8584 | Orc:2    | Killed an ogre mage
  8584 | Orc:2    | Killed a two-headed ogre
  8584 | Orc:2    | Killed a two-headed ogre
  8584 | Orc:2    | Killed a two-headed ogre
  8584 | Orc:2    | Killed a two-headed ogre
  8584 | Orc:2    | Killed an ogre mage
  8584 | Orc:2    | Killed a two-headed ogre
  8585 | Orc:2    | Reached skill level 12 in Axes
  8585 | Orc:2    | Reached skill level 5 in Shields
  8585 | Orc:2    | Reached XP level 13. HP: 83/83 MP: 13/13
  8907 | Orc:2    | Bought a potion of might for 60 gold pieces
  8907 | Orc:2    | Bought a potion of curing for 45 gold pieces
  8907 | Orc:2    | Bought a scroll of immolation for 60 gold pieces
  8907 | Orc:2    | Bought a ring of flight for 262 gold pieces
  8907 | Orc:2    | Bought a scroll of fear for 60 gold pieces
  8908 | Orc:2    | Bought a scroll of acquirement for 676 gold pieces
  8908 | Orc:2    | Bought a scroll of identify for 26 gold pieces
  8908 | Orc:2    | Bought a scroll of revelation for 97 gold pieces
  8908 | Orc:2    | Bought a scroll of revelation for 97 gold pieces
  8909 | Orc:2    | Acquired 471 gold pieces
  8913 | Orc:2    | Bought 3 scrolls of identify for 102 gold pieces
  8913 | Orc:2    | Bought a scroll of enchant weapon for 127 gold pieces
  9114 | Orc:2    | Killed Zagger's ghost
  9176 | Orc:2    | Identified the +0 helmet of Diwu {*Corrode rPois rF+}
  9680 | D:9      | Killed tls9540's ghost
  9750 | D:10     | Entered Level 10 of the Dungeon
  9845 | D:10     | Reached skill level 10 in Stealth
 10049 | D:10     | Found a snail-covered altar of Cheibriados.
 10253 | D:11     | Found a frozen archway.
 10267 | IceCv    | Entered an ice cave
 10336 | IceCv    | Identified the staff of the Eggplant {rF++ Str-4 Conj}
 10416 | IceCv    | Reached skill level 13 in Axes
 10585 | IceCv    | Noticed a white draconian
 10610 | IceCv    | Killed a white draconian
 10622 | IceCv    | Got the Disquisition on the Blizzard
 12272 | D:13     | Reached XP level 14. HP: 92/92 MP: 14/14
 12641 | D:13     | Noticed Nessos
 12661 | D:13     | Shot with an arrow by Nessos

Illustrated notes

Levels and vault maps discovered:
D:1:      tarquinn_simple_flora_water_d, layout_loops_cross
D:2:      layout_loops_ring, chequers_jeans, item_on_display_a
D:3:      layout_loops_ring, nicolae_uskayaw_en_pointe, led_sif_pool,
          shapermc_ecumenical_altar_mp_vishouse, lightli_sewer_entry_pipes,
          minmay_misc_feat_tower, bh_walls_and_bars, uniq_grinder
D:4:      layout_cave_pools, nicolae_wu_jian_immortal_techniques,
          mainiacjoe_overflow_boulevard, serial_shops, nicolae_shop_stone,
          nicolae_lakefront_shop, hex_large, uniq_crazy_yiuf_cottage
D:5:      layout_rooms, lemuel_crystal_altar, nicolae_dithmenos_the_darkroom,
          grunt_temple_overflow_diamond, hangedman_abyss_or_decor_stagger,
          uniq_blork_the_orc
D:6:      layout_basic, general_overflow_altar, mainiacjoe_overflow_alcove_4,
          ebering_ghost_inner_flame, nicolae_shop_gadgets, uniq_jeremiah
D:7:      layout_basic, minmay_temple_entry_ruins, serial_rivers,
          chequers_serial_rivers_room_b, chequers_serial_rivers_micro_b,
          chequers_serial_rivers_micro_b, chequers_serial_rivers_small_a,
          chequers_serial_rivers_micro_e, chequers_serial_rivers_micro_a,
          gammafunk_ghost_necromancy, grunt_ministairs_6,
          minmay_misc_feat_doors, amcnicky_mini_corridor_feature
D:8:      layout_rooms, amethyst_overflow_temple_binary,
          due_lair_maze_entry_diamond, roderic_batcave, nrook_loot_triangle,
          minmay_nine_imps
D:9:      layout_cave_pools, lemuel_coloured_pillars_altar, erik_orc_1,
          ebering_ghost_funeral_grove
D:10:     layout_rooms, mainiacjoe_overflow_brackets, minivault_25
D:11:     minmay_ornate_pinched, layout_loops_ring,
          portal_ice_cave_entry_ice_simulacra
D:12:     layout_stronghold
D:13:     layout_irregular_city, uniq_nessos
Temple:   hellmonk_temple_two_chambers
Orc:1:    layout_caves, serial_shops, shop
Orc:2:    st_orc_ogre_mass, layout_caves, gammafunk_ghost_berserking_beasts

Skill      XL: |  1  2  3  4  5  6  7  8  9 10 11 12 13 14 |
---------------+-------------------------------------------+-----
Stealth        | 1 3 5 7 8 9 10 | 10.7
Unarmed Combat | 3 4 5 7 8 |  8.6
Shapeshifting  | 1 2 3 4 5 6 7 8 |  8.4
Dodging        | 4 5 6 7 |  7.5
Evocations     | 2 3 5 6 7 8 9 |  9.0
Fighting       | 4 5 6 7 |  7.3
Axes           | 3 7 9 12 13 | 13.9
Shields        | 4 5 |  5.4
Throwing       | 1 2 4 |  4.1

Action                     |  1- 3 |  4- 6 |  7- 9 | 10-12 | 13-15 || total
---------------------------+-------+-------+-------+-------+-------++-------
  Melee: Unarmed           |    72 |    62 |   187 |       |       ||   321
         Constrict         |    22 |    15 |    58 |    39 |    24 ||   158
         Tentacles         |    17 |    11 |    54 |    41 |    45 ||   168
         Punch             |       |     2 |    16 |       |       ||    18
         War axe           |       |       |    38 |   213 |   208 ||   459
  Throw: Throwing net      |       |       |     1 |       |       ||     1
         Boomerang         |       |       |     4 |    10 |    60 ||    74
         Dart              |       |       |       |     1 |     1 ||     2
  Evoke: Wand              |       |       |     3 |    10 |    12 ||    25
    Use: Scroll            |     6 |     2 |     8 |     6 |     9 ||    31
         Potion            |     1 |     1 |     4 |     5 |     5 ||    16
   Stab: Sleeping          |     9 |     4 |    12 |     8 |    17 ||    50
         Distracted        |       |     1 |       |       |     2 ||     3
         Paralysed         |       |       |       |       |     7 ||     7
 Armour: Skin              |    20 |    15 |    73 |    91 |    95 ||   294
  Dodge: Dodged            |    39 |    39 |   122 |   177 |   130 ||   507
  Block: Buckler           |    13 |    13 |    37 |    61 |    37 ||   161
         Kite shield       |       |       |       |       |     6 ||     6
   Form: Beast             |       |       |     1 |       |       ||     1

Table legend: (Time is in decaauts)
 A = Elapsed time spent in this place.
 B = Non-inter-level travel time spent in this place.
 C = Inter-level travel time spent in this place.
 D = Time resting spent in this place.
 E = Time spent auto-exploring this place.
 F = Levels seen in this place.
 G = Mean time per level.
                   A        B        C        D        E       F      G
               +--------+--------+--------+--------+--------+-----+--------+
         Total |  12637 |  12637 |      0 |    587 |   4532 |  18 |  702.1 |
       Dungeon |  10079 |  10079 |      0 |    414 |   4360 |  13 |  775.3 |
        Temple |     15 |     15 |      0 |      0 |      0 |   1 |   15.0 |
  Orcish Mines |   1765 |   1765 |      0 |     95 |    172 |   2 |  882.5 |
         Sewer |    325 |    325 |      0 |      0 |      0 |   1 |  325.0 |
      Ice Cave |    452 |    452 |      0 |     78 |      0 |   1 |  452.0 |
               +--------+--------+--------+--------+--------+-----+--------+

Top non-repeatable levels by time:
     D:7: 1285 daAuts
     D:6: 1265 daAuts
   Orc:2: 1263 daAuts
     D:8: 886 daAuts
     D:3: 854 daAuts
     D:9: 848 daAuts
    D:12: 835 daAuts
     D:4: 765 daAuts
    D:11: 747 daAuts
     D:2: 656 daAuts
     D:1: 551 daAuts
     D:5: 522 daAuts
   Orc:1: 501 daAuts
   IceCv: 452 daAuts
    D:10: 433 daAuts
